 Dungeon Crawl Stone Soup version 0.32-a0-656-g3542139ebd (webtiles) character file.

Game seed: 5831688707638502763

3217 Dittersdorf the Protected (level 9, 0/59 HPs)
             Began as a Gargoyle Fighter on Mar 8, 2024.
             Was an Initiate of Gozag.
             Slain by an unseen horror (4 damage)
             ... on level 6 of the Dungeon.
             The game lasted 00:07:03 (6492 turns).

Dittersdorf the Protected (Gargoyle Fighter)        Turns: 6492, Time: 00:07:04

Health: 0/59       AC: 26    Str: 30    XL:     9   Next: 97%
Magic:  0/9        EV:  8    Int:  9    God:    Gozag
Gold:   517        SH: 10    Dex:  9    Spells: 8/8 levels left

rFire   + . .        r - +4 flail
rCold   . . .        f - +1 kite shield {rF+}
rNeg    + . .        u - +4 chain mail "Avvuwke" {+Blink Slay+3}
rPois   ∞            (no helmet)
rElec   +            s - +0 cloak
rCorr   .            (no gloves)
SInv    .            (no boots)
Will    .....        i - amulet of guardian spirit Stlth
                     c - +4 ring of protection
HPRegen 0.29/turn    q - +6 ring of strength
MPRegen 0.11/turn

%: guardian spirit
@: no status effects
A: sickness immunity, AC +6, negative energy resistance 1, electricity
resistance, torment resistance 1, petrification resistance
a: Renounce Religion, Evoke Blink, Potion Petition, Call Merchant, Bribe Branch


You were on level 6 of the Dungeon.
You worshipped Gozag.
Gozag was pleased with you.
You visited 2 branches of the dungeon, and saw 7 of its levels.

You collected 569 gold pieces.
You paid 52 gold pieces to Gozag.

Inventory:

Hand Weapons
 r - a +4 flail (weapon)
Missiles
 g - 2 throwing nets
Armour
 f - a +1 kite shield of fire resistance (worn)
 s - a +0 cloak (worn)
 u - the +4 chain mail "Avvuwke" (worn) {+Blink Slay+3}
   (You found it on level 3 of the Dungeon)

   Slay+3:    It affects your accuracy & damage with ranged weapons and melee
   (+3).
   +Blink:    It lets you blink.
Jewellery
 c - a +4 ring of protection (left hand)
 i - an amulet of guardian spirit (around neck)
 q - a +6 ring of strength (right hand)
Wands
 x - a wand of flame (13) (quivered)
 y - a wand of iceblast (6)
Scrolls
 j - 3 scrolls of teleportation
 n - a scroll of blinking
Potions
 b - a potion of invisibility
 d - 4 potions of might
 e - 4 potions of curing
 h - a potion of enlightenment
 k - 3 potions of attraction {unknown}
 l - 4 potions of mutation {unknown}
 m - 3 potions of lignification {unknown}
 p - a potion of brilliance
 t - a potion of magic


   Skills:
 + Level 8.2 Fighting
 + Level 7.1 Maces & Flails
 + Level 8.2 Armour
 + Level 8.2 Shields


You had 8 spell levels left.
You didn't know any spells.
Your spell library contained the following spells:

 Spells                   Type           Power      Damage    Failure   Level
 Apportation              Tloc           0%         N/A       93%         1
 Freeze                   Ice            0%         1d3       93%         1
 Magic Dart               Conj           0%         1d3       93%         1
 Summon Small Mammal      Summ           0%         N/A       93%         1
 Blink                    Tloc           0%         N/A       98%         2
 Call Imp                 Summ           0%         N/A       98%         2
 Jinxbite                 Hex            0%         N/A       98%         2
 Mercury Vapours          Alch/Air       0%         N/A       98%         2
 Call Canine Familiar     Summ           0%         N/A       100%        3
 Mephitic Cloud           Conj/Alch/Air  0%         N/A       100%        3
 Passwall                 Erth           0%         N/A       100%        3
 Summon Blazeheart Golem  Fire/Summ      0%         N/A       100%        4
 Alistair's Intoxication  Alch           0%         N/A       100%        5
 Freezing Cloud           Conj/Ice/Air   0%         6-21      100%        5


Dungeon Overview and Level Annotations

Branches:
Dungeon (6/15)             Temple (1/1) D:5

Altars:
Ashenzari
Cheibriados
Elyvilon
Fedhas
Gozag
Hepliaklqana
Kikubaaqudgha
Makhleb
Ru
Trog
Uskayaw
Vehumet
Wu Jian
Xom
Yredelemnul
Zin
The Shining One

Shops:
D:4 !


Innate Abilities, Weirdness & Mutations

You are immune to sickness and miasma.
Your stone body is resilient. (AC +6)
You are immune to poison.
You resist negative energy. (rN+)
You are resistant to electric shocks. (rElec)
You are resistant to unholy torment.
You are immune to petrification.


Message History

Things that are here:
a +0 whip; a +0 leather armour You closely miss something.
Something hits you but does no damage.
Something hits you but does no damage. x2
Something hits you but does no damage. x4
Things that are here:
a +0 whip; a +0 leather armour You closely miss something.
Something hits you. Something hits you but does no damage. Something hits you.
Something hits you but does no damage. You block something's attack.
Something completely misses you.
You bludgeon something!! Something hits you.
* * * LOW HITPOINT WARNING * * *
You block something's attack.
Something hits you but does no damage. x3
You miss something. Something hits you but does no damage.
Something hits you but does no damage. Something hits you.
* * * LOW HITPOINT WARNING * * *
Something hits you but does no damage. Something hits you but does no damage.
Something hits you but does no damage.
Things that are here:
a +0 whip; a +0 leather armour Something hits you but does no damage.
You block something's attack.
You hit something. Something hits you but does no damage.
You block something's attack.
Something hits you but does no damage. x2
You hit something. Something hits you.
* * * LOW HITPOINT WARNING * * *
Something hits you but does no damage. You block something's attack.
You completely miss something. Something hits you but does no damage.
Something hits you!
* * * LOW HITPOINT WARNING * * *
Something hits you but does no damage. x2
You closely miss something.
Something hits you but does no damage. x2
Something hits you.
* * * LOW HITPOINT WARNING * * *
Something hits you.
* * * LOW HITPOINT WARNING * * *
Something hits you.
You die...
Your body crumbles into a pile of gold.

#......)#####.............#.# #.#
#........)))...#####.#.##.#.###.#
#.############.# ##~~~~...~~~~#.#
#...........#..###~~##~..~~##~..#
###########)~~~~~~~##~~~~~##~~###
#.# ###~~~~~##############~~~~~~
#.# ##~~~#####{).#.~..#~..######~
#.# #~~###....#)#.#.#..#.#.#.#.##
#.# #~##:...#(.#@{.#.~..#...~.~..
#.# #~~####.....#.#.#.#..#.#.#)##
#.# ##~~~~######.#.~.#.~#.######~
..# ###.~~~~~~############~~~~~~
### #....##~~##~~~~~~~~##~~###
###..#..~~##~####.~~##~# #
##...##~~~~# #.#~~~~# #
###.##########.######
#......>.....#


There were no monsters in sight!

Vanquished Creatures
  A kobold demonologist (D:6)
  7 yaks
  A steam dragon (D:6)
  A water moccasin (D:5)
  An ice beast (D:6)
  4 phantoms
  2 scorpions
  3 wights (D:6)
  The ghost of croobank the Sneak, a weakling DsDe (D:5)
  A jelly (D:6)
  2 orc priests
  Crazy Yiuf (D:2)
  2 gnoll boudas
  3 hounds
  Jessica (D:2)
  3 iguanas
  2 sleepcaps (D:5)
  6 orc wizards
  19 gnolls
  10 adders
  6 ufetubi
  4 dart slugs
  2 ribbon worms
  13 orcs
  2 endoplasms
  2 giant cockroaches
  4 goblins
  10 hobgoblins
  18 jackals
  4 kobolds
  3 quokkas
  7 ball pythons
  5 bats
  4 frilled lizards
  5 rats
160 creatures vanquished.

Notes
Turn   | Place    | Note
-------+----------+-------------------------------------------
     0 | D:1      | Dittersdorf the Gargoyle Fighter began the quest for the
                  | Orb.
     0 | D:1      | Reached XP level 1. HP: 14/14 MP: 1/1
    50 | D:1      | Reached XP level 2. HP: 19/19 MP: 2/2
   219 | D:1      | Reached XP level 3. HP: 20/23 MP: 3/3
   689 | D:2      | Found a runed translucent door.
   690 | D:2      | Noticed Crazy Yiuf
   742 | D:2      | Reached XP level 4. HP: 29/29 MP: 4/4
   773 | D:2      | Found a faded altar of an unknown god.
   793 | D:2      | Noticed Jessica
   804 | D:2      | Killed Jessica
  1599 | D:2      | Killed Crazy Yiuf
  1600 | D:2      | Reached XP level 5. HP: 20/33 MP: 2/5
  2251 | D:3      | Found a radiant altar of Vehumet.
  2251 | D:3      | Found a broken altar of Ashenzari.
  2259 | D:3      | Found a glowing silver altar of Zin.
  2261 | D:3      | Found a hide-covered altar of Uskayaw.
  2263 | D:3      | Found a bloodstained altar of Trog.
  2392 | D:3      | Identified the +4 chain mail "Avvuwke" {+Blink Slay+3}
  2671 | D:4      | Found Noic Vogre's Distillery.
  2699 | D:4      | Reached XP level 6. HP: 36/39 MP: 6/6
  2794 | D:4      | Found a hazy altar of Hepliaklqana.
  3089 | D:4      | Reached skill level 5 in Fighting
  3089 | D:4      | Reached skill level 5 in Armour
  3089 | D:4      | Reached skill level 5 in Shields
  3138 | D:4      | Reached XP level 7. HP: 44/44 MP: 7/7
  3356 | D:4      | Found a shimmering altar of Xom.
  3411 | D:4      | Found a white marble altar of Elyvilon.
  3656 | D:5      | Entered Level 5 of the Dungeon
  3933 | D:5      | Reached XP level 8. HP: 42/51 MP: 6/8
  4080 | D:5      | Found a runed translucent door.
  4118 | D:5      | Reached skill level 5 in Maces & Flails
  4360 | D:5      | Found a staircase to the Ecumenical Temple.
  4458 | D:5      | Noticed croobank's ghost (weakling DsDe)
  4459 | D:5      | Noticed a yak
  4634 | Temple   | Entered the Ecumenical Temple
  4660 | Temple   | Became a worshipper of Gozag Ym Sagoz the Greedy
  4767 | D:5      | Killed a yak
  4775 | D:5      | Killed croobank's ghost
  5294 | D:6      | Reached XP level 9. HP: 54/56 MP: 7/9
  5889 | D:6      | Got Sif Muna's Incunabulum of Felsic Frostbite
  6448 | D:6      | Noticed a kobold demonologist
  6463 | D:6      | Killed a kobold demonologist
  6492 | D:6      | Slain by an unseen horror

Illustrated notes

Levels and vault maps discovered:
D:1:      dpeg_arrival_tiny_e, layout_basic
D:2:      layout_loops_corners, chequers_ecumenical_altar_island, serial_bayou,
          serial_bayou_ford_a, serial_bayou_crossing, serial_bayou_pond_b,
          serial_bayou_shore_a, minmay_misc_feat_pillars,
          ebering_dispersal_statue_hall, uniq_jessica, uniq_crazy_yiuf_cottage
D:3:      layout_rooms, chequers_temple_overflow_minitemple,
          chequers_serial_rivers_micro_b, nicolae_hexahallways, st_stairs_3,
          grunt_decor_junction, kennysheep_cross_room, kennysheep_crisscross
D:4:      layout_layer_cave, nicolae_hepliaklqana_hippocampus,
          lemuel_round_altar, kennysheep_little_box, serial_shops,
          nicolae_diamond_shop, kennysheep_donut,
          hangedman_decor_clover_reticule, bh_walls_and_bars
D:5:      layout_basic, minmay_temple_entry_hall, ebering_ghost_inner_flame
D:6:      layout_basic, roderic_lattice_a, minmay_manual_mullet
Temple:   chequers_temple_sunken

Skill      XL: |  1  2  3  4  5  6  7  8  9 |
---------------+----------------------------+-----
Fighting       | 4 5 6 8 |  8.2
Armour         | 4 5 6 8 |  8.2
Shields        | 4 5 6 8 |  8.2
Maces & Flails | 3 4 5 7 |  7.1

Action                     |  1- 3 |  4- 6 |  7- 9 || total
---------------------------+-------+-------+-------++-------
  Melee: Flail             |   121 |     7 |   134 ||   262
         Club              |       |   129 |   161 ||   290
  Evoke: Wand              |       |       |     1 ||     1
    Use: Scroll            |       |     6 |     8 ||    14
   Stab: Distracted        |       |       |     1 ||     1
 Armour: Scale mail        |   121 |    43 |       ||   164
         Chain mail        |       |    48 |   326 ||   374
  Dodge: Dodged            |    69 |    51 |   105 ||   225
  Block: Buckler           |    23 |       |       ||    23
         Kite shield       |    58 |    61 |   202 ||   321

Table legend: (Time is in decaauts)
 A = Elapsed time spent in this place.
 B = Non-inter-level travel time spent in this place.
 C = Inter-level travel time spent in this place.
 D = Time resting spent in this place.
 E = Time spent auto-exploring this place.
 F = Levels seen in this place.
 G = Mean time per level.
                   A        B        C        D        E       F      G
               +--------+--------+--------+--------+--------+-----+--------+
         Total |   6703 |   6244 |    459 |    530 |   4377 |   7 |  957.6 |
       Dungeon |   6648 |   6243 |    405 |    530 |   4377 |   6 | 1108.0 |
        Temple |     55 |      2 |     53 |      0 |      0 |   1 |   55.0 |
               +--------+--------+--------+--------+--------+-----+--------+

Top non-repeatable levels by time:
     D:6: 1666 daAuts
     D:2: 1234 daAuts
     D:5: 1101 daAuts
     D:4: 1099 daAuts
     D:3: 919 daAuts
     D:1: 626 daAuts
  Temple: 55 daAuts
